 Dungeon Crawl Stone Soup version 0.26-a0-712-ga5a9c9c9d0 (webtiles) character file.

Game seed: 12987713991241816309

(classic levelgen) 6 EnegeticOcto the Covered (level 1, -4/20 HPs)
             Began as a Deep Dwarf Fighter on Nov 5, 2020.
             Slain by an orc warrior
             ... wielding a +0 short sword
              (15 damage)
             ... on level 3 of the Dungeon.
             The game lasted 00:00:12 (108 turns).

EnegeticOcto the Covered (Deep Dwarf Fighter)        Turns: 108, Time: 00:00:13

Health: -4/20      AC:  8    Str: 19    XL:     1   Next: 75%
Magic:  1/1        EV:  7    Int:  8    God:
Gold:   0          SH:  9    Dex: 12    Spells: 0/0 levels left

rFire    . . .     SeeInvis .   a - +0 war axe
rCold    . . .     Faith    .   c - +0 kite shield
rNeg     . . .     Spirit   .   b - +0 scale mail
rPois    .         Reflect  .   (no helmet)
rElec    .         Harm     .   e - +0 cloak
rCorr    .         Rampage  .   (no gloves)
MR       .....                  (no boots)
Stlth    ..........             (no amulet)
HPRegen  0.00/turn              (no ring)
MPRegen  0.07/turn              (no ring)

@: non-regenerating
A: damage resistance, heal wounds, sense surroundings 1, no regeneration
a: Heal Wounds


You were on level 3 of the Dungeon.
You visited 1 branch of the dungeon, and saw 3 of its levels.

Inventory:

Hand Weapons
 a - a +0 war axe (weapon)
Armour
 b - a +0 scale mail (worn)
 c - a +0 kite shield (worn)
 e - a +0 cloak (worn)
Scrolls
 f - a scroll of enchant armour {unknown}
Potions
 d - a potion of might {@q3}
 g - a potion of haste {unknown}


   Skills:
 + Level 2.7 Fighting
 * Level 2.4 Axes
 + Level 3.3 Armour
 + Level 3.3 Shields


You couldn't memorise any spells.
You didn't know any spells.
Your spell library was empty.

Dungeon Overview and Level Annotations

Branches:
Dungeon (3/15)

Altars:


Innate Abilities, Weirdness & Mutations

You are resistant to damage.
You can heal yourself by infusing magical energy.
You passively map a small area around you.
You do not regenerate.


Message History

You hit the bat but do no damage. The bat closely misses you. The bat hits you.
You block the bat's attack.
You closely miss the bat. The bat hits you but does no damage.
The bat hits you but does no damage. The bat barely misses you.
The bat hits you but does no damage.
There is a stone staircase leading down here.
You block the bat's attack. The bat hits you but does no damage.
You block the bat's attack.
You slash the bat!
You kill the bat!
No target in view!
No target in view!
No target in view!
No target in view!
No target in view!
No target in view!
No target in view!
No target in view!
No target in view!
No target in view!
No target in view!
You see here a rat corpse.
g - a murky emerald potion
(D) Dungeon
Where to? (Enter - D:2, ? - help)
You see here a rat corpse.
There is a stone staircase leading down here.
You climb downwards.
There is a stone staircase leading up here.
A frilled lizard comes into view.
The frilled lizard hisses angrily.
The frilled lizard bites you but does no damage.
A frilled lizard is nearby!
You closely miss the frilled lizard. The frilled lizard barely misses you.
You barely miss the frilled lizard. You block the frilled lizard's attack.
The frilled lizard bites you.
You hit the frilled lizard.
You kill the frilled lizard!
No target in view!
No target in view!
No target in view!
No target in view!
No target in view!
No target in view!
No target in view!
A kobold comes into view. It is wielding a +0 club.
The kobold throws a stone.
The stone hits you but does no damage.
Found a stone staircase leading down.
You see here a stone.
A kobold is nearby!
A kobold is nearby!
The kobold throws a stone.
You block the stone.
The kobold throws a stone.
The stone hits you but does no damage.
You see here a stone.
You miss the kobold. The kobold barely misses you.
You slash the kobold!
You kill the kobold!
No target in view!
No target in view!
No target in view!
No target in view!
No target in view!
No target in view!
No target in view!
No target in view!
No target in view!
No target in view!
No target in view!
No target in view!
No target in view!
No target in view!
(D) Dungeon
Where to? (Enter - D:2, ? - help)
You see here a +0 club.
There is a stone staircase leading down here.
You climb downwards. 2 orcs and an orc warrior come into view.
The orc warrior shouts!
The orc shouts! x2; You hear a shout!
There is a stone staircase leading up here.
There are monsters nearby!
You barely miss the orc warrior. You hit the orc but do no damage.
The orc hits you but does no damage. The orc warrior barely misses you.
You hit the orc warrior.
The orc warrior is lightly wounded.
You hit the orc.
An orc comes into view. It is wielding a +0 dagger.
You block the orc warrior's attack. You block the orc's attack.
You slash the orc!
You kill the orc!
You closely miss the orc warrior.
The orc warrior hits you with a +0 short sword!
You block the orc warrior's attack. You block the orc's attack.
You closely miss the orc warrior.
The orc warrior is lightly wounded.
You hit the orc but do no damage.
The orc warrior hits you with a +0 short sword!
Ouch! That really hurt!
You die...

###
#o#
#@#
****
*#o#
#.#
*
#.#
,
#o#
#.#*
* *
...
#.#


You could see an orc warrior and 2 orcs.

Vanquished Creatures
  An orc (D:3)
  A goblin (D:1)
  A bat (D:1)
  A frilled lizard (D:2)
  A kobold (D:2)
  A rat (D:1)
6 creatures vanquished.

Notes
Turn   | Place    | Note
-------+----------+-------------------------------------------
     0 | D:1      | EnegeticOcto the Deep Dwarf Fighter began the quest for the
                  | Orb.
     0 | D:1      | Reached XP level 1. HP: 20/20 MP: 1/1
   104 | D:3      | Noticed an orc warrior
   108 | D:3      | Slain by an orc warrior

Illustrated notes

Levels and vault maps discovered:
D:1:      ldierk_walled_garden_2, layout_basic
D:2:      layout_basic
D:3:      layout_basic, grunt_temple_overflow_opulence,
          wad_floor_pattern_untrapped

Action                   || total
-------------------------++-------
Melee: War axe           ||    21
Armor: Scale mail        ||    12
Dodge: Dodged            ||     8
Block: Kite shield       ||    14

Table legend: (Time is in decaauts)
 A = Elapsed time spent in this place.
 B = Non-inter-level travel time spent in this place.
 C = Inter-level travel time spent in this place.
 D = Time resting spent in this place.
 E = Time spent auto-exploring this place.
 F = Levels seen in this place.
 G = Mean time per level.
                   A        B        C        D        E       F      G
               +--------+--------+--------+--------+--------+-----+--------+
         Total |    117 |     94 |     23 |      0 |     13 |   3 |   39.0 |
       Dungeon |    117 |     94 |     23 |      0 |     13 |   3 |   39.0 |
               +--------+--------+--------+--------+--------+-----+--------+

Top non-repeatable levels by time:
     D:1: 89 daAuts
     D:2: 23 daAuts
     D:3: 4 daAuts
